AoeStats
← BronzyRex6

Arabia

503654957Analyzed
1v1 RM · 1mo ago on Sep 1, 2026· 71m 40s· 2 players
Game mode
Random Map
Map size
Tiny (2 player)
Population
200
Speed
Normal
Resources
Standard
Victory
Conquest
Starting age
Dark Age
Ending age
Imperial Age
RankedLock teamsTeams togetherTeam positionsShared explorationLock speedFull tech treeHidden civsTurbo modeCheats
Victory
Defeat
🇭🇺 Khmer · Hungary
439
+15
🇦🇷 Franks · Argentina
416
-15
NAZAmaxa
3:02 Loom
12:34 Feudal Age
16:06 Double-Bit Axe
19:52 Castle Age
20:00 Gold Mining
21:22 Wheelbarrow
21:42 Squires
31:38 Pikeman
31:41 Crossbowman
33:28 Gold Shaft Mining
35:13 Bow Saw
36:30 Stone Mining
42:30 Ballistics
42:00 Town Watch
42:33 Hand Cart
48:05 Imperial Age
45:37 Town Patrol
47:11 Murder Holes
47:48 Herbal Medicine
48:04 Fervor
48:15 Sanctity
47:39 Elite Skirmisher
50:25 Conscription
50:26 #83
49:28 Elite Throwing Axeman
51:06 Husbandry
50:26 Cavalier
57:23 Scale Barding Armor
57:18 Scale Mail Armor
57:28 Forging
57:09 Fletching
57:20 Padded Archer Armor
57:12 Halberdier
57:20 Heavy Cavalry Archer
63:47 Chain Barding Armor
63:43 Chain Mail Armor
64:03 Iron Casting
63:24 Bodkin Arrow
63:47 Leather Archer Armor
68:41 Paladin
BronzyRex6
0:38 Loom
12:41 Feudal Age
17:51 Castle Age
26:38 Husbandry
26:49 Bloodlines
33:25 Imperial Age
30:47 Horse Collar
31:16 Double-Bit Axe
32:12 Husbandry
32:42 Scale Barding Armor
33:52 Wheelbarrow
33:18 Town Watch
37:06 Double Crossbow
38:50 Bow Saw
39:31 Hand Cart
39:35 Forging
39:17 Fletching
39:49 Chain Barding Armor
43:01 Conscription
42:02 Elite Ballista Elephant
43:59 Cavalier
47:41 Town Patrol
49:40 Chain Barding Armor
56:24 Gold Mining
62:44 Plate Barding Armor
62:07 Bodkin Arrow
65:38 Chemistry
65:00 Ballistics
68:27 Onager
Connection lost

Rejoining the realm…

Still unreachable

The connection could not be restored.

Session expired

The server has moved on; the page needs a fresh start.